 Dungeon Crawl Stone Soup version 0.27.1-3-gb3d3a73c9e (webtiles) character file.

Game seed: 14681413788825890667

4 AZSletch the Slasher (level 1, 0/16 HPs)
             Began as a Demonspawn Gladiator on Oct 6, 2021.
             Killed from afar by a dart slug (4 damage)
             ... with a slug dart
             ... on level 1 of the Dungeon.
             The game lasted 00:02:31 (185 turns).

AZSletch the Slasher (Demonspawn Gladiator)          Turns: 185, Time: 00:02:31

Health: 0/16       AC:  4    Str: 14    XL:     1   Next: 50%
Magic:  1/1        EV: 12    Int:  9    God:
Gold:   8          SH:  0    Dex: 14    Spells: 0/0 levels left

rFire    . . .     SeeInvis .   a - +0 long sword
rCold    . . .     Faith    .   (no shield)
rNeg     . . .     Spirit   .   b - +0 leather armour
rPois    .         Reflect  .   c - +0 helmet
rElec    .         Harm     .   (no cloak)
rCorr    .         Rampage  .   (no gloves)
Will     .....                  (no boots)
Stlth    +.........             (no amulet)
HPRegen  0.05/turn              (no ring)
MPRegen  0.07/turn              (no ring)

@: no status effects
A: no striking features
a: no special abilities


You were on level 1 of the Dungeon.
You visited 1 branch of the dungeon, and saw 1 of its levels.

You collected 8 gold pieces.

Inventory:

Hand Weapons
 a - a +0 long sword (weapon)
Missiles
 d - 3 throwing nets (quivered)
Armour
 b - a +0 leather armour (worn)
 c - a +0 helmet (worn)


   Skills:
 + Level 2.1 Fighting
 + Level 2.7 Long Blades
 - Level 1.7 Throwing
 + Level 0.2 Armour
 + Level 2.7 Dodging


You couldn't memorise any spells.
You didn't know any spells.
Your spell library was empty.

Dungeon Overview and Level Annotations

Branches:
Dungeon (1/15)

Altars:


Message History

The bat hits you but does no damage. The bat closely misses you.
You riposte.
You hit the bat.
You kill the bat!
No target in view!
No target in view!
HP restored.
A kobold comes into view. It is wielding a +0 short sword.
A frilled lizard comes into view.
The kobold shouts!
The frilled lizard hisses angrily.
You hit the kobold but do no damage. The kobold hits you but does no damage.
A dart slug comes into view.
The dart slug launches a dart at you. The slug dart hits you.
You miss the kobold. The kobold barely misses you.
The kobold hits you with a +0 short sword.
You completely miss the frilled lizard. The frilled lizard bites you.
The frilled lizard barely misses you.
You hit the frilled lizard.
You kill the frilled lizard!
The kobold hits you with a +0 short sword.
You hit the kobold but do no damage.
The kobold hits you with a +0 short sword.
* * * LOW HITPOINT WARNING * * *
You hit the kobold.
The kobold is moderately wounded.
The kobold misses you.
You riposte.
You slash the kobold!
You kill the kobold!
You hit the dart slug.
The dart slug is lightly wounded.
The dart slug closely misses you.
You barely miss the dart slug.
The dart slug is lightly wounded.
You slash the dart slug!
The dart slug is almost dead.
The dart slug closely misses you.
You barely miss the dart slug.
The dart slug is almost dead.
The dart slug launches a dart at you. The slug dart hits you.
You die...

.#. #9#.#^# .
..####### ###.###
#. .......#
#Z#.#B# #.
#......# ###.####
#.##......###
#Z#...#Z
#...........
#####.##
#.#...####### #
#Z#.#Z #..#..####
#..#####.##
#.####.w@.###
#...##...# #.
####...###
#..'.>.' #.
###...####.##...#
# ###....#..#####
#..........#Z#.
#..........###.
#......).#.....
#........###.##
#........# #..#


You could see a dart slug.

Vanquished Creatures
  A bat (D:1)
  A ball python (D:1)
  A frilled lizard (D:1)
  A goblin (D:1)
  A kobold (D:1)
5 creatures vanquished.

Notes
Turn   | Place    | Note
-------+----------+-------------------------------------------
     0 | D:1      | AZSletch the Demonspawn Gladiator began the quest for the
                  | Orb.
     0 | D:1      | Reached XP level 1. HP: 16/16 MP: 1/1
    11 | D:1      | Noticed a dwarf
    13 | D:1      | Noticed a minotaur skeleton
    15 | D:1      | Noticed a gargoyle
    15 | D:1      | Noticed a minotaur zombie
    17 | D:1      | Noticed a formicid
   185 | D:1      | Killed from afar by a dart slug

Illustrated notes

Levels and vault maps discovered:
D:1:      shiori_arrival_whats_in_store_for_you, layout_basic, st_stairs_4,
          minivault_23

Action                   || total
-------------------------++-------
Melee: Long sword        ||    25
Armor: Leather armour    ||     9
Dodge: Dodged            ||    22
       Rpst.: Long sword ||     8
